 Dungeon Crawl Stone Soup version 0.23-a0-890-gc183402 (console) character file.

Game seed: 7903766268871421351

69 Duffy the Chopper (level 4, -3/39 HPs)
             Began as a Naga Gladiator on Jan 28, 2019.
             Killed by divine providence
             ... invoked by an orc priest
              (13 damage)
             ... on level 2 of the Dungeon.
             The game lasted 00:02:11 (2572 turns).

Duffy the Chopper (Naga Gladiator)                  Turns: 2572, Time: 00:02:11

Health: -3/39      AC:  4    Str: 17    XL:     4   Next: 20%
Magic:  4/4        EV:  9    Int:  8    God:
Gold:   160        SH:  0    Dex: 13    Spells: 3/3 levels left

rFire    + . .     SeeInvis +   a - +0 war axe
rCold    . . .     Gourm    .   (no shield)
rNeg     . . .     Faith    .   s - +0 ring mail {rF+}
rPois    +         Spirit   .   c - +0 helmet
rElec    .         Reflect  .   (no cloak)
rCorr    .         Harm     .   (no gloves)
MR       +....                  (no barding)
Stlth    +.........             (no amulet)
HPRegen  0.13/turn              k - ring of protection from magic
MPRegen  0.09/turn              (no ring)

@: lethally poisoned (-3 -> -5), short of breath, very slow
A: large, see invisible, deformed body, poison resistance, slowness 2, slow
metabolism 1, spit poison 1, AC +1
a: Spit Poison


You were on level 2 of the Dungeon.
You were not hungry.

You visited 1 branch of the dungeon, and saw 3 of its levels.

You collected 160 gold pieces.

Inventory:

Hand Weapons
 a - a +0 war axe (weapon)
Missiles
 d - 3 throwing nets (quivered)
Armour
 b - a +1 hat
 c - a +0 helmet (worn)
 s - a +0 ring mail of fire resistance (worn)
Jewellery
 k - a ring of protection from magic (left hand)
Scrolls
 e - a scroll of random uselessness {unknown}
 g - a scroll of amnesia {unknown}
 j - a scroll of identify {unknown}
 m - a scroll of fear {unknown}
 p - 2 scrolls of teleportation {unknown}
 q - a scroll of blinking {unknown}
Potions
 h - a potion of curing {unknown}
 l - a potion of brilliance {unknown}
 o - a potion of cancellation {unknown}
 r - a potion of agility {unknown}
Comestibles
 f - 5 rations


   Skills:
 - Level 2.0 Fighting
 + Level 4.9 Axes
 - Level 1.7 Throwing
 - Level 2.4 Dodging


You had 3 spell levels left.
You didn't know any spells.
Your spell library was empty.

Dungeon Overview and Level Annotations

Branches:
Dungeon (3/15)

Altars:
Uskayaw


Innate Abilities, Weirdness & Mutations

You cannot wear boots.
Your serpentine skin is tough. (AC +1)
You have supernaturally acute eyesight. (SInv)
Armour fits poorly on your strangely shaped body.
Your system is resistant to poisons. (rPois)
You cover ground very slowly.
You have a slow metabolism.
You can spit poison.


Message History

You are too injured to fight recklessly!
You are too injured to fight recklessly!
You are too injured to fight recklessly!
You are too injured to fight recklessly!
You are too injured to fight recklessly!
You are too injured to fight recklessly!
You are too injured to fight recklessly!
Press: ? - help, Shift-Dir - straight line, f - orc priest
Aim: an orc priest, wielding a +0 club and wearing a +0 ring mail (lightly wounded)
The splash of poison hits the orc priest but does no damage.
The orc priest is poisoned.
The orc priest is lightly wounded.
You feel slightly more hungry.
You feel sick.
The orc priest invokes the aid of Beogh against you.
Beogh smites you!
Your ring mail prevents you from hitting the orc priest.
The orc priest is moderately wounded.
The orc priest calls down the wrath of Beogh upon you.
Beogh smites you!
You die...

...# #.#######.##......}.. ...#
#.# #.###)#...... ...#
##########.### #.###...}....
...###.....##.....## #..##......>.
##.##..............##
##.###..}.[..
#%#...............[####.# ##......
#.....................#.#####..}..
##...............).##...[.####...#
#..............@[.#####...####...
#.>...........)o).#####.#........
##...................##.######...
##..................##.######.#.
##.....##.....####........##.##
###..#####...# #.##.###.##.#
##...# #..## #.##..##..#.##
###.###..# ##.###.###.#.#.
#..##..## #............#.


You could see an orc priest.

Vanquished Creatures
  A gnoll (D:1)
  2 worms (D:2)
  3 leopard geckos
  2 orcs (D:2)
  6 goblins
  4 hobgoblins
  7 jackals (D:2)
  3 kobolds
  A ball python (D:2)
  9 bats
  3 frilled lizards
  6 rats
47 creatures vanquished.

Notes
Turn   | Place    | Note
-------+----------+-------------------------------------------
     0 | D:1      | Duffy the Naga Gladiator began the quest for the Orb.
     0 | D:1      | Reached XP level 1. HP: 19/19 MP: 1/1
   290 | D:1      | Reached XP level 2. HP: 26/26 MP: 2/2
   829 | D:1      | Reached skill level 4 in Axes
   829 | D:1      | Reached XP level 3. HP: 32/32 MP: 3/3
  1445 | D:2      | Noticed a +0 hand axe
  1446 | D:2      | Noticed a +0 dagger
  1450 | D:2      | Found a hide-covered altar of Uskayaw.
  2104 | D:2      | Reached XP level 4. HP: 32/39 MP: 4/4
  2572 | D:2      | Killed from afar by an orc priest

Vault maps used:
D:1:      psy_arrival_basics
D:2:      dancing_weapons_uskayaw, first_ration, grunt_ministairs_9,
          minmay_misc_feat_rows
D:3:      nemelex_diamond_rough_becter

Skill      XL: |  1  2 |
---------------+-------+-----
Axes           | 4 |  4.9
Fighting       | |  2.0
Throwing       | |  1.7
Dodging        | |  2.4

Action                   |  1- 3 |  4- 6 || total
-------------------------+-------+-------++-------
Melee: War axe           |   100 |    18 ||   118
 Abil: Spit Poison       |    11 |     4 ||    15
  Eat: Chunk             |     3 |     1 ||     4
Armor: Leather armour    |     3 |       ||     3
       Ring mail         |    56 |    20 ||    76
Dodge: Dodged            |    90 |    20 ||   110

Table legend:
 A = Non-vault XP
 B = Vault XP
 C = Vault XP percentage of total XP
 D = Non-vault monster count
 E = Vault monster count
 F = Vault count percentage of total count
                 A         B        C        D         E       F
            +---------+---------+-------+---------+---------+-------
      Total |      96 |       3 |   3.0 |      45 |       2 |   4.3
            +---------+---------+-------+---------+---------+-------
        D:1 |      39 |       0 |   0.0 |      17 |       0 |   0.0
        D:2 |      53 |       3 |   5.4 |      26 |       2 |   7.1
        D:3 |       4 |       0 |   0.0 |       2 |       0 |   0.0
            +---------+---------+-------+---------+---------+-------
